 Dungeon Crawl Stone Soup version 0.27.1-34-g3ba077fa99 (webtiles) character file.

Game seed: 13263311116143438169

1 hashsling the Skirmisher (level 1, 13/13 HPs)
             Began as a Gargoyle Wanderer on Jan 9, 2022.
             Quit the game on level 1 of the Dungeon.
             The game lasted 00:00:42 (334 turns).

hashsling the Skirmisher (Gargoyle Wanderer)         Turns: 334, Time: 00:00:43

Health: 13/13      AC:  4    Str: 13    XL:     1   Next: 20%
Magic:  2/2        EV: 11    Int: 14    God:
Gold:   0          SH:  0    Dex:  9    Spells: 2/2 levels left

rFire    . . .     SeeInvis .   a - +2 dagger
rCold    . . .     Faith    .   (no shield)
rNeg     + . .     Spirit   .   d - +0 robe
rPois    ∞         Reflect  .   (no helmet)
rElec    +         Harm     .   (no cloak)
rCorr    .         Rampage  .   (no gloves)
Will     .....                  (no boots)
Stlth    +.........             (no amulet)
HPRegen  0.04/turn              (no ring)
MPRegen  0.08/turn              (no ring)

@: very slow
A: sickness immunity, AC +2, negative energy resistance 1, electricity
resistance, torment resistance 1, petrification resistance
a: no special abilities


You were on level 1 of the Dungeon.
You visited 1 branch of the dungeon, and saw 1 of its levels.

Inventory:

Hand Weapons
 a - a +2 dagger (weapon)
 c - a +0 spear
Missiles
 b - 2 curare-tipped darts (quivered)
Armour
 d - a +0 robe (worn)
Scrolls
 f - a scroll of fear {unknown}
 g - a scroll of amnesia {unknown}
Potions
 e - a potion of haste {unknown}


   Skills:
 + Level 2.3 Fighting
 + Level 1.0 Throwing
 + Level 1.0 Dodging
 + Level 2.1 Stealth
 + Level 1.0 Spellcasting
 + Level 1.0 Hexes
 + Level 1.0 Translocations
 + Level 1.0 Evocations


You had 2 spell levels left.
You didn't know any spells.
Your spell library was empty.

Dungeon Overview and Level Annotations

Branches:
Dungeon (1/15)

Altars:


Innate Abilities, Weirdness & Mutations

You are immune to sickness and miasma.
Your stone body is resilient. (AC +2)
You are immune to poison.
You resist negative energy. (rN+)
You are resistant to electric shocks. (rElec)
You are resistant to unholy torment.
You are immune to petrification.


Message History

The quokka is severely wounded.
The quokka closely misses you.
You hit the quokka but do no damage.
The quokka is severely wounded.
The quokka bites you.
You are too injured to fight recklessly!
You hit the quokka.
You kill the quokka!
HP restored.
Found a scroll labelled KILIRO LAERECS.
Found a stone staircase leading down.
g - a scroll labelled KILIRO LAERECS A quokka and a goblin come into view.
Drop what? 7/52 slots (_ for help) (? for menu, Esc to quit)
Okay, then.
Drop what? 7/52 slots (_ for help) (? for menu, Esc to quit)
Okay, then.
There is an open gate here.
You hit the plant.
The plant begins to die.
The plant is lightly damaged.
You hit the plant.
The plant is lightly damaged.
You hit the plant.
The plant is lightly damaged.
You hit the plant.
The plant is lightly damaged.
You hit the plant.
The plant is lightly damaged.
A nearby plant withers and dies.
You hit the plant.
The plant begins to die.
The plant is lightly damaged.
You hit the plant.
The plant is lightly damaged.
You hit the plant.
The plant is lightly damaged.
A nearby plant withers and dies.
You enter the shallow water.
Moving in this stuff is going to be slow.
Why would you want to do that?
Are you sure you want to abandon this character and quit the game? (Confirm with "yes".)

#####################
♣≈≈≈≈≈≈≈≈≈≈≈≈≈≈≈≈≈≈≈≈≈#
♣≈≈≈≈≈≈≈≈≈≈≈≈≈≈≈≈≈≈#
♣≈≈≈≈@≈≈≈≈≈≈≈≈≈≈≈≈≈#
♣♣♣♣..≈≈..≈≈≈≈≈≈≈≈≈#
♣...........≈≈≈≈≈≈#
♣............≈≈≈≈≈#
♣.............≈≈≈≈#
♣<♣.....♣......≈≈≈#
♣♣♣♣..........≈≈≈≈#
♣.P.P♣......≈≈≈#
######♣.....≈≈≈#


There were no monsters in sight!

Vanquished Creatures
  A quokka (D:1)
1 creature vanquished.

Vanquished Creatures (others)
  2 plants (D:1)
2 creatures vanquished.

Grand Total: 3 creatures vanquished

Notes
Turn   | Place    | Note
-------+----------+-------------------------------------------
     0 | D:1      | hashsling the Gargoyle Wanderer began the quest for the
                  | Orb.
     0 | D:1      | hashsling set off with the following items: a +2 dagger, 2
                  | curare-tipped darts, a +0 spear, a +0 robe
     0 | D:1      | Reached XP level 1. HP: 12/12 MP: 2/2
   334 | D:1      | Quit the game

Illustrated notes

Levels and vault maps discovered:
D:1:      kennysheep_arrival_seaside, layout_rooms, hangedman_decor_growths,
          minmay_tripent

Action                   || total
-------------------------++-------
Melee: Dagger            ||    16
Armor: Robe              ||     3
Dodge: Dodged            ||     3
